 Dungeon Crawl Stone Soup version 0.28.0-47-ge53b351184 (webtiles) character file.

Game seed: 6141119889153602620

23018 Kaptain the Geomancer (level 13, 0/83 HPs)
             Began as a Gargoyle Earth Elementalist on Apr 30, 2022.
             Slain by Snorg (10 damage)
             ... on level 10 of the Dungeon.
             The game lasted 00:36:31 (21007 turns).

Kaptain the Geomancer (GrEE)                       Turns: 21007, Time: 00:36:32

Health: 0/83       AC: 21    Str: 12    XL:     13   Next: 4%
Magic:  3/26       EV: 12    Int: 21    God:
Gold:   627        SH:  0    Dex: 10    Spells: 21/30 levels left

rFire   . . .      SeeInvis +   c - +3 morningstar
rCold   . . .      Faith    .   (no shield)
rNeg    + . .      Spirit   .   f - +0 acid dragon scales
rPois   ∞          Reflect  .   (no helmet)
rElec   +          Harm     .   d - +0 cloak
rCorr   +          Rampage  .   D - +0 pair of gloves
Will    .....                   t - +0 pair of boots
Stlth   +.........              (no amulet)
HPRegen 0.23/turn               z - ring of see invisible
MPRegen 0.20/turn               F - ring of resist corrosion

@: no status effects
A: sickness immunity, AC +9, negative energy resistance 1, electricity
resistance, torment resistance 1, petrification resistance
a: no special abilities


You were on level 10 of the Dungeon.
You visited 3 branches of the dungeon, and saw 15 of its levels.
You also visited: Ossuary.

You collected 627 gold pieces.

Inventory:

Hand Weapons
 c - a +3 morningstar (weapon)
 h - a +0 scimitar of flaming
 x - a +0 trident
 G - a +0 trident of protection
Missiles
 r - 116 stones
Armour
 d - a +0 cloak (worn)
 f - +0 acid dragon scales (worn)
 t - a +0 pair of boots (worn)
 y - the +3 ring mail "Zill" {rC- rN+++ Will+ Str+3}
   (You found it on level 1 of the Lair of Beasts)

   Str:       It affects your strength (+3).
   rC:        It makes you vulnerable to cold.
   rN:        It renders you almost immune to negative energy.
   Will:      It increases your willpower.
 D - a +0 pair of gloves (worn)
Magical Staves
 g - a staff of cold
 q - a staff of earth
Jewellery
 w - a ring of positive energy
 z - a ring of see invisible (left hand)
 F - a ring of resist corrosion (right hand)
Wands
 b - a wand of acid (10)
 o - a wand of iceblast (6)
 u - a wand of polymorph (21)
 C - a wand of paralysis (30)
 E - a wand of flame (30)
 L - a wand of digging (6)
Scrolls
 a - 2 scrolls of fear
 m - 4 scrolls of teleportation
 n - 2 scrolls of magic mapping
 p - a scroll of immolation
 v - a scroll of amnesia
 B - 3 scrolls of enchant weapon
Potions
 i - 2 potions of brilliance
 j - 3 potions of haste
 k - a potion of lignification
 l - a potion of might
 s - a potion of ambrosia {unknown}


   Skills:
 * Level 10.6 Fighting
 + Level 7.3 Armour
 + Level 5.9 Dodging
 - Level 2.1 Stealth
 * Level 9.2 Spellcasting
 * Level 10.5 Conjurations
 - Level 0.7 Transmutations
 * Level 12.1 Earth Magic


You had 21 spell levels left.
You knew the following spells:

 Your Spells              Type           Power      Damage    Failure   Level
a - Sandblast             Erth           100%       2d20      1%          1
b - Stone Arrow           Conj/Erth      100%       3d13      1%          3
c - Iskenderun's Battles  Conj           52%        2d10      3%          5

Your spell library contained the following spells:

 Spells                   Type           Power      Damage    Failure   Level
 Passwall                 Tmut/Erth      30%        N/A       1%          2
 Petrify                  Tmut/Erth      36%        N/A       7%          4
 Animate Skeleton         Necr           18%        N/A       10%         1
 Apportation              Tloc           18%        N/A       10%         1
 Pain                     Necr           36%        1d5       10%         1
 Summon Small Mammal      Summ           36%        N/A       10%         1
 Ozocubu's Armour         Ice            9%         N/A       30%         3
 Tukima's Dance           Hex            9%         N/A       30%         3
 Vampiric Draining        Necr           9%         2d6       30%         3
 Fireball                 Conj/Fire      15%        3d8       30%         5
 Anguish                  Hex/Necr       4%         N/A       69%         4
 Orb of Destruction       Conj           26%        9d9       73%         7
 Conjure Ball Lightning   Conj/Air       15%        3x3d6     86%         6
 Agony                    Necr           9%         N/A       95%         5
 Excruciating Wounds      Necr           4%         N/A       95%         5
 Metabolic Englaciation   Hex/Ice        4%         N/A       95%         5
 Simulacrum               Ice/Necr       4%         N/A       100%        6
 Enfeeble                 Hex            4%         N/A       100%        7


Dungeon Overview and Level Annotations

Branches:
Dungeon (10/15)            Temple (1/1) D:4            Lair (4/6) D:8
 Shoals (0/4) Lair:4        Snake (0/4) Lair:2          Orc (0/2) D:10
Ossuary (visited)

Altars:
Ashenzari
Cheibriados
Dithmenos
Elyvilon
Fedhas
Gozag
Hepliaklqana
Kikubaaqudgha
Makhleb
Nemelex Xobeh
Okawaru
Qazlal
Ru
Sif Muna
Trog
Uskayaw
Vehumet
Wu Jian
Xom
Yredelemnul
Zin
The Shining One

Shops:
D:7 :(:[

Annotations:
D:5 3 runed translucent doors, OmG's ghost, amateur OpCj
D:7 3 runed translucent doors, Exodus22XD's ghost, novice DECj; Tali's ghost, novice DsBe
D:10 Snorg


Innate Abilities, Weirdness & Mutations

You are immune to sickness and miasma.
Your stone body is resilient. (AC +9)
You are immune to poison.
You resist negative energy. (rN+)
You are resistant to electric shocks. (rElec)
You are resistant to unholy torment.
You are immune to petrification.


Message History

The stone arrow hits Snorg!
Snorg is heavily wounded.
Snorg barely misses you. Snorg misses you. Snorg claws you but does no damage.
Snorg bites you! Snorg misses you. Snorg closely misses you.
Casting: Stone Arrow (safe; 1% risk of failure)
Confirm with . or Enter, or press ? or * to list all spells.
Aiming: Stone Arrow (safe; 1% risk of failure)
Press: ? - help, Shift-Dir - straight line, f/p - Snorg
Aim: Snorg (heavily wounded, berserk, 78% to hit)
The stone arrow misses Snorg.
Snorg bites you! Snorg claws you but does no damage. Snorg claws you!
Unknown command.
Casting: Stone Arrow (safe; 1% risk of failure)
Confirm with . or Enter, or press ? or * to list all spells.
Aiming: Stone Arrow (safe; 1% risk of failure)
Press: ? - help, Shift-Dir - straight line, f/p - Snorg
Aim: Snorg (heavily wounded, berserk, 78% to hit)
The stone arrow hits Snorg!!
Snorg is severely wounded.
Snorg bites you. Snorg closely misses you. Snorg completely misses you.
Snorg closely misses you. x2; Snorg claws you!
Casting: Stone Arrow (safe; 1% risk of failure)
Confirm with . or Enter, or press ? or * to list all spells.
Aiming: Stone Arrow (safe; 1% risk of failure)
Press: ? - help, Shift-Dir - straight line, f/p - Snorg
Aim: Snorg (severely wounded, berserk, 78% to hit)
The stone arrow hits Snorg!
Snorg is severely wounded.
Snorg bites you!
* * * LOW HITPOINT WARNING * * *
Snorg claws you!
* * * LOW HITPOINT WARNING * * *
Snorg completely misses you.
Unknown command.
Okay, then.
You feel much better. Snorg bites you but does no damage.
Snorg claws you but does no damage. Snorg claws you!
* * * LOW HITPOINT WARNING * * *
Snorg bites you!
You die...

#################
..................
......................
......................
.....(...............
###...................
#.#........)..<.......
.#...........T.........
...#........@))........
...#..........)........
#......#.....##############
#.#....#.....#.....#......#
##....#....(#.....#......#
#.....#.....#.....#......#
#.....#..>..#.....#......#
#.....#.....#.....#......#
#.....#.....#.....#......#


You could see Snorg (berserk).

Vanquished Creatures
  2 hydras
  Erica (D:10)
  A two-headed ogre (D:10)
  4 death yaks
  A manticore (Lair:4)
  3 black mambas
  5 cane toads
  Psyche (D:7)
  4 komodo dragons
  A yaktaur (shapeshifter) (D:10)
  A rime drake (Lair:4)
  3 blink frogs (Lair:3)
  A polar bear (Lair:4)
  A wind drake (Lair:4)
  20 yaks
  4 wyverns
  A vampire (D:8)
  4 humans
  6 basilisks
  2 nagas (Lair:2)
  A warg (D:10)
  An acid dragon (D:9)
  12 water moccasins
  4 orc warriors
  2 black bears
  An ice beast (D:6)
  16 wolves
  A centaur (D:9)
  An elf zombie (Ossuary)
  2 phantoms
  2 kobold brigands (D:10)
  14 bullfrogs
  A wyvern zombie (D:9)
  2 scorpions
  2 gnoll sergeants
  A wyvern skeleton (D:6)
  10 wights
  8 killer bees (D:8)
  3 centaur zombies
  A bullfrog skeleton (D:7)
  2 human zombies (Ossuary)
  8 orc priests
  A gnoll shaman (D:9)
  2 hounds
  2 centaur skeletons
  7 iguanas
  12 orc wizards
  A killer bee zombie (D:8)
  3 hound zombies (Ossuary)
  3 mummies (Ossuary)
  A howler monkey zombie (D:8)
  15 gnolls
  4 adders
  2 shadow imps
  A white imp (D:7)
  An ufetubus (D:4)
  6 adder zombies (Ossuary)
  2 dart slugs
  A worm (D:3)
  39 orcs
  2 bats (D:1)
  3 endoplasms
  2 giant cockroaches
  3 goblins
  2 hobgoblins
  6 jackals
  5 quokkas
  4 ball pythons
  3 frilled lizards
  3 gnoll zombies (Ossuary)
  2 goblin zombies (Ossuary)
  A hobgoblin zombie (Ossuary)
  3 jackal zombies (Ossuary)
  7 kobolds
  5 kobold zombies (Ossuary)
  4 orc zombies (Ossuary)
  4 quokka zombies (Ossuary)
  20 rats
  3 rat zombies (Ossuary)
346 creatures vanquished.

Vanquished Creatures (others)
  13 fungi
  33 plants
  6 withered plants (D:7)
52 creatures vanquished.

Grand Total: 398 creatures vanquished

Notes
Turn   | Place    | Note
-------+----------+-------------------------------------------
     0 | D:1      | Kaptain the Gargoyle Earth Elementalist began the quest for
                  | the Orb.
     0 | D:1      | Reached XP level 1. HP: 10/10 MP: 3/3
   187 | D:1      | Reached XP level 2. HP: 16/16 MP: 0/5
  1065 | D:2      | Reached skill level 1 in Fighting
  1065 | D:2      | Reached skill level 1 in Conjurations
  1065 | D:2      | Reached XP level 3. HP: 2/20 MP: 2/6
  1083 | D:3      | You fall into a shaft and drop 2 floors!
  1083 | D:5      | Entered Level 5 of the Dungeon
  1083 | D:5      | Noticed OmG's ghost (amateur OpCj)
  1102 | D:5      | Noticed a wraith
  1432 | D:5      | Reached skill level 4 in Earth Magic
  1439 | D:5      | Learned a level 3 spell: Stone Arrow
  1461 | D:5      | Found a sand-covered staircase.
  1467 | Ossuary  | Entered an ossuary
  1547 | Ossuary  | Reached XP level 4. HP: 25/25 MP: 7/7
  1779 | Ossuary  | Reached skill level 1 in Armour
  2114 | Ossuary  | Reached XP level 5. HP: 26/30 MP: 9/9
  2664 | Ossuary  | Reached XP level 6. HP: 36/36 MP: 0/10
  3300 | Ossuary  | Reached skill level 5 in Earth Magic
  3546 | D:4      | Found a snail-covered altar of Cheibriados.
  3568 | D:4      | Reached XP level 7. HP: 41/41 MP: 8/12
  4814 | D:4      | Found a staircase to the Ecumenical Temple.
  4818 | Temple   | Entered the Ecumenical Temple
  6448 | D:5      | Found a runed translucent gate.
  6448 | D:5      | Found a runed translucent gate.
  6448 | D:5      | Found a runed translucent gate.
  6484 | D:5      | Found Gialeetu's Armour Shoppe.
  6915 | D:6      | Noticed a human
  6915 | D:6      | Noticed a human
  6915 | D:6      | Noticed a human
  6921 | D:5      | Killed a human
  6922 | D:5      | Reached skill level 6 in Earth Magic
  6922 | D:5      | Reached XP level 8. HP: 41/48 MP: 0/14
  7327 | D:5      | Reached skill level 5 in Fighting
  7584 | D:6      | Reached skill level 5 in Conjurations
  8428 | D:6      | Reached skill level 7 in Earth Magic
  8428 | D:6      | Reached XP level 9. HP: 54/54 MP: 12/16
  8497 | D:6      | Reached skill level 5 in Spellcasting
  8664 | D:7      | Found Zocikius's Antique Armour Boutique.
  8852 | D:7      | Found a runed translucent gate.
  8852 | D:7      | Found a runed translucent gate.
  8852 | D:7      | Found a runed translucent gate.
  8853 | D:7      | Noticed Tali's ghost (novice DsBe)
  8854 | D:7      | Noticed Exodus22XD's ghost (novice DECj)
  8998 | D:7      | Found Qulusielu's Book Emporium.
  9119 | D:7      | Found Sanukos's Antique Weapon Shoppe.
  9225 | D:7      | Found Donakho's Book Boutique.
  9930 | D:8      | Found a staircase to the Lair.
 10061 | D:7      | Reached skill level 8 in Earth Magic
 10189 | D:7      | Reached XP level 10. HP: 47/61 MP: 5/19
 10322 | D:8      | Noticed Psyche
 10334 | D:7      | Killed Psyche
 11157 | D:8      | Identified the +0 robe of Impressiveness {Str+3}
 11215 | D:8      | Reached skill level 9 in Earth Magic
 11389 | D:8      | Reached skill level 5 in Armour
 11637 | Lair:1   | Entered Level 1 of the Lair of Beasts
 11758 | Lair:1   | Noticed a cane toad
 11766 | Lair:1   | Killed a cane toad
 12060 | Lair:1   | Noticed a black mamba
 12067 | Lair:1   | Killed a black mamba
 12207 | Lair:1   | Reached XP level 11. HP: 60/68 MP: 21/21
 12637 | Lair:1   | Identified the +3 ring mail "Zill" {rC- rN+++ Will+ Str+3}
 13085 | Lair:2   | Noticed a seven-headed hydra
 13091 | Lair:2   | Killed a seven-headed hydra
 13368 | Lair:2   | Found a staircase to the Snake Pit.
 13380 | Lair:2   | Reached skill level 10 in Earth Magic
 13716 | Lair:2   | Noticed a death yak
 13716 | Lair:2   | Noticed a death yak
 13716 | Lair:2   | Noticed a death yak
 13718 | Lair:2   | Noticed a death yak
 13724 | Lair:1   | Killed a death yak
 13894 | Lair:2   | Killed a death yak
 13996 | Lair:1   | Killed a death yak
 14166 | Lair:2   | Killed a death yak
 14167 | Lair:2   | Reached skill level 5 in Dodging
 15404 | Lair:3   | Reached XP level 12. HP: 62/76 MP: 7/24
 15695 | Lair:3   | Reached skill level 11 in Earth Magic
 17466 | Lair:4   | Noticed a six-headed hydra
 17744 | Lair:4   | Reached skill level 10 in Fighting
 18003 | Lair:4   | Reached skill level 10 in Conjurations
 18045 | Lair:4   | Found a staircase to the Shoals.
 18074 | Lair:4   | Noticed a four-headed hydra
 18373 | Lair:4   | Killed a four-headed hydra
 18655 | D:9      | Learned a level 5 spell: Iskenderun's Battlesphere
 18677 | D:9      | Identified the +7 spear "Laploips" {venom, *Corrode rN+++
                  | Int+3 SInv}
 19418 | D:10     | Entered Level 10 of the Dungeon
 19430 | D:10     | Noticed Snorg
 19572 | D:10     | Noticed a two-headed ogre
 19577 | D:10     | Killed a two-headed ogre
 19835 | D:10     | Noticed Erica
 19848 | D:10     | Killed Erica
 19933 | D:10     | Reached skill level 12 in Earth Magic
 20154 | D:10     | Found a staircase to the Orcish Mines.
 20409 | D:10     | Reached XP level 13. HP: 83/83 MP: 21/26
 21006 | D:10     | HP: 4/83 [Snorg (16)]
 21007 | D:10     | Slain by Snorg

Illustrated notes

Levels and vault maps discovered:
D:1:      matt_arrival_refuge, layout_basic
D:2:      layout_loops_ring, serial_shops, nicolae_diamond_shop,
          uniq_crazy_yiuf_cottage
D:3:      layout_basic, minmay_rat_hole
D:4:      layout_cave_pools, kennysheep_slug_shrine,
          minmay_temple_entry_drinking_statues,
          nicolae_concentric_dashed_squares_wild, st_stairs_5
D:5:      layout_basic, nicolae_ossuary_entry_false_entrances,
          gammafunk_ghost_split, serial_shops, nicolae_lakefront_shop
D:6:      layout_rooms, minmay_ruffians
D:7:      layout_rooms, gammafunk_ghost_cemetery, serial_shops, shop,
          nicolae_diamond_shop, nicolae_diamond_shop,
          nicolae_shop_temple_entry_statues_fountains, serial_curves,
          eino_curves_02, eino_curves_04, eino_curves_02, eino_curves_01
D:8:      layout_rooms, minmay_lair_entry_grove, minmay_misc_feat_iff,
          eino_jars, uniq_psyche
D:9:      layout_basic
D:10:     layout_grid_maze, erik_orc_4, minmay_misc_feat_alley, moated_statue,
          uniq_erica, uniq_snorg
Temple:   mainiacjoe_temple_circle_huts
Lair:1:   layout_concentric_octagons
Lair:2:   layout_chaotic_city, guppyfry_snake_entry_garden
Lair:3:   layout_hall_layers, grunt_megastairs_1
Lair:4:   layout_big_grid, minmay_shoals_entry_beasts, beast_lair_carwin_5

Skill      XL: |  1  2  3  4  5  6  7  8  9 10 11 12 |
---------------+-------------------------------------+-----
Fighting       | 1 2 3 4 5 6 8 9 10 | 10.6
Conjurations   | 1 2 3 4 5 6 7 9 10 | 10.5
Earth Magic    | 4 5 6 7 8 9 10 12 | 12.1
Armour         | 1 2 3 4 5 6 7 |  7.3
Dodging        | 2 3 4 5 |  5.9
Spellcasting   | 3 4 6 7 8 9 |  9.2
Stealth        | |  2.1
Transmutations | |  0.7

Action                   |  1- 3 |  4- 6 |  7- 9 | 10-12 | 13-15 || total
-------------------------+-------+-------+-------+-------+-------++-------
Melee: Dagger            |    15 |       |       |       |       ||    15
       Spear             |     5 |     1 |    75 |       |       ||    81
       Unarmed           |     2 |       |       |       |       ||     2
       Punch             |       |       |     1 |     3 |     1 ||     5
       Flail             |       |       |    55 |    22 |       ||    77
       Morningstar       |       |       |     1 |    44 |     5 ||    50
 Fire: Hunting sling     |     9 |   111 |    27 |       |       ||   147
 Cast: Sandblast         |    29 |    48 |    37 |    65 |       ||   179
       Stone Arrow       |       |    14 |   115 |   304 |    29 ||   462
Evoke: Wand              |       |       |     1 |     3 |       ||     4
  Use: Scroll            |     4 |       |     5 |    16 |       ||    25
       Potion            |       |       |     1 |     8 |     1 ||    10
 Stab: Sleeping          |       |       |     1 |       |       ||     1
Armor: Robe              |     8 |       |       |   147 |       ||   155
       Leather armour    |    15 |    28 |   116 |     3 |       ||   162
       Acid dragon scale |       |       |       |    19 |    15 ||    34
Dodge: Dodged            |    27 |    45 |   131 |   234 |    19 ||   456
